 Dungeon Crawl Stone Soup version 0.25-a0-815-gab441bd002 (webtiles) character file.

Game seed: 16659239063254610228, levelgen mode: deterministic

6227 zorro123 the Carver (level 10, -8/88 HPs)
             Began as a Minotaur Fighter on Apr 20, 2020.
             Mangled by a jumping spider (13 damage)
             ... summoned by a deep elf mage
             ... in a bailey.
             The game lasted 00:37:12 (8787 turns).

zorro123 the Carver (Minotaur Fighter)              Turns: 8787, Time: 00:37:13

Health: -8/88      AC: 22    Str: 22    XL:     10   Next: 61%
Magic:  9/9        EV:  6    Int:  5    God:
Gold:   156        SH: 10    Dex: 12    Spells: 9/9 levels left

rFire    + . .     SeeInvis .   C - +0 falchion (vamp)
rCold    . . .     Gourm    .   c - +0 kite shield
rNeg     . . .     Faith    .   F - +0 plate armour
rPois    .         Spirit   .   (helmet restricted)
rElec    .         Reflect  .   I - +0 cloak
rCorr    .         Harm     .   w - +2 pair of gloves
MR       .....                  (no boots)
Stlth    ..........             (no amulet)
HPRegen  0.24/turn              j - ring of protection from fire
MPRegen  0.11/turn              l - +4 ring of protection

@: lightly drained
A: retaliatory headbutt, horns 2
a: no special abilities


You were in a bailey.
You were hungry.

You visited 1 branch of the dungeon, and saw 9 of its levels.
You also visited: Sewer and Bailey.

You collected 363 gold pieces.
You spent 207 gold pieces at shops.

Inventory:

Hand Weapons
 y - a +1 great sword of venom
 C - a +0 vampiric falchion (weapon)
 L - a +2 falchion
 R - a +0 scimitar of draining
Armour
 c - a +0 kite shield (worn)
 w - a +2 pair of gloves (worn)
 F - a +0 plate armour (worn)
 I - a +0 cloak (worn)
 S - +0 steam dragon scales
Jewellery
 j - a ring of protection from fire (left hand)
 l - a +4 ring of protection (right hand)
Wands
 u - a wand of digging (3)
 E - a wand of flame (11)
 G - a wand of random effects (9)
 J - a wand of paralysis (7)
 Q - a wand of iceblast (17)
Scrolls
 h - 8 scrolls of remove curse
 i - 4 scrolls of amnesia
 k - 2 scrolls of magic mapping {unknown}
 p - a scroll of fear {unknown}
 q - 4 scrolls of teleportation
 r - a scroll of fog {unknown}
 s - 3 scrolls of enchant armour {unknown}
 H - 2 scrolls of noise {unknown}
 K - a scroll of blinking {unknown}
 M - a scroll of immolation {unknown}
 N - a scroll of enchant weapon {unknown}
 P - a scroll of brand weapon {unknown}
Potions
 b - 2 potions of lignification {unknown}
 d - 2 potions of might
 g - 4 potions of curing
 m - 2 potions of invisibility
 n - 2 potions of ambrosia
 o - 5 potions of stabbing
 t - a potion of resistance
 v - 3 potions of flight
 x - a potion of haste
 A - a potion of experience
 B - 2 potions of heal wounds
Comestibles
 f - 11 rations


   Skills:
 + Level 7.7(7.1) Fighting
 * Level 12.4(11.7) Long Blades
   Level 8.4(7.8) Axes
 + Level 8.5(7.9) Armour
 + Level 3.9(3.3) Dodging
 - Level 5.4(4.8) Shields


You had 9 spell levels left.
You didn't know any spells.
Your spell library contained the following spells:

 Spells                   Type           Power        Failure   Level  Hunger
 Animate Skeleton         Necr           N/A          100%        1    ##.....
 Apportation              Tloc           #.....       100%        1    ##.....
 Corona                   Hex            #......      100%        1    ##.....
 Shock                    Conj/Air       #...         100%        1    ##.....
 Summon Small Mammal      Summ           #...         100%        1    ##.....
 Ensorcelled Hibernation  Hex/Ice        #.....       100%        2    ###....
 Swiftness                Chrm/Air       #.......     100%        2    ###....
 Confusing Touch          Hex            #.......     100%        3    ####...
 Dazzling Flash           Conj/Hex       #.....       100%        3    ####...
 Gell's Gravitas          Tloc           #.........   100%        3    ####...
 Static Discharge         Conj/Air       #.......     100%        3    ####...
 Tukima's Dance           Hex            #.......     100%        3    ####...
 Airstrike                Air            #.........   100%        4    #####..
 Petrify                  Tmut/Erth      #.......     100%        4    #####..
 Lightning Bolt           Conj/Air       #.........   100%        5    ######.
 Metabolic Englaciation   Hex/Ice        #.........   100%        5    ######.
 Yara's Violent Unravell  Hex/Tmut       #.........   100%        5    ######.


Dungeon Overview and Level Annotations

Branches:
Dungeon (9/15)             Temple (0/1) D:6            Lair (0/6) D:8
    Orc (0/2) D:9           Sewer (visited)          Bailey (1/1)

Altars:
Cheibriados
Dithmenos
Fedhas
Hepliaklqana
Kikubaaqudgha
Makhleb
Nemelex Xobeh
Okawaru
Sif Muna
Yredelemnul

Shops:
D:5 *?

Annotations:
D:8 Erica


Innate Abilities, Weirdness & Mutations

You reflexively headbutt those who attack you in melee.
You have a pair of horns on your head.


Message History

You hit the deep elf mage.
You feel better.
The deep elf mage is severely wounded.
The deep elf mage hits you with a +0 dagger.
The deep elf mage mumbles some strange words.
You hit the deep elf mage but do no damage.
The deep elf mage is severely wounded.
The deep elf mage gestures wildly while chanting.
The deep elf mage blinks!
The jumping spider pounces on you.
* * * LOW HITPOINT WARNING * * *
You are caught in a web!
The jumping spider bites you.
* * * LOW HITPOINT WARNING * * *
The web tears apart.
The deep elf mage completely misses you.
You furiously retaliate!
You headbutt the deep elf mage. The ice beast hits you.
* * * LOW HITPOINT WARNING * * *
The ice beast freezes you!
* * * LOW HITPOINT WARNING * * *
The jumping spider pounces on you!
You die...

.. e. .###
###. ##...#
#...## #..3..
.....# #.....
.....# #...r4
.....#
#..es#....#
#e#####
#....#@Y..##
#.....#es..)#
#.....#..∩..#
#.....#.....#
##...###...##
.######'##..#
.e ##...##
...# #.....#
...# #..∩..#
..##


You could see a sun demon, an orange demon, 3 deep elf magi, a jumping spider, a
redback, an ice beast and a hell rat.

Vanquished Creatures
  Harold (D:7)
  A deep elf mage (Bailey)
  Maggie (D:8)
  A hippogriff (D:6)
  8 yaks (D:8)
  Menkaure (D:5)
  Duvessa (D:6)
  3 porcupines (D:8)
  3 orc warriors
  A black bear (D:9)
  A necrophage (D:6)
  2 ogres
  3 centaurs
  4 crocodiles
  A big kobold (D:8)
  A bullfrog (D:6)
  Dowan (D:6)
  A scorpion (D:8)
  10 wights
  7 crimson imps
  A quasit (D:7)
  A bullfrog zombie (D:6)
  2 bullfrog skeletons
  4 orc priests
  3 hounds
  5 orc wizards
  4 iguanas
  4 worker ants
  2 hound zombies
  2 hound skeletons
  4 gnolls
  13 adders
  2 oozes
  An adder skeleton (D:7)
  2 worms
  3 dart slugs
  4 leopard geckos
  23 orcs
  6 bats
  9 giant cockroaches
  6 goblins
  6 hobgoblins
  20 jackals
  15 kobolds
  3 quokkas
  8 ball pythons
  6 frilled lizards
  A jackal skeleton (D:6)
  A jackal zombie (D:6)
  12 rats
  6 plants (Sewer)
231 creatures vanquished.

Notes
Turn   | Place    | Note
-------+----------+-------------------------------------------
     0 | D:1      | zorro123 the Minotaur Fighter began the quest for the Orb.
     0 | D:1      | Reached XP level 1. HP: 19/19 MP: 0/0
   361 | D:1      | Reached XP level 2. HP: 24/27 MP: 1/1
  1102 | D:2      | Reached XP level 3. HP: 31/33 MP: 2/2
  1353 | D:2      | Reached XP level 4. HP: 40/40 MP: 3/3
  1780 | D:3      | Reached skill level 1 in Dodging
  1804 | D:3      | Found a glowing drain.
  1820 | Sewer    | Entered a sewer
  2534 | D:3      | Reached XP level 5. HP: 41/46 MP: 4/4
  2544 | D:3      | Reached skill level 5 in Axes
  3081 | D:4      | Noticed a centaur
  3088 | D:4      | Killed a centaur
  3088 | D:4      | Reached XP level 6. HP: 37/53 MP: 5/5
  3761 | D:5      | Entered Level 5 of the Dungeon
  3962 | D:5      | Reached XP level 7. HP: 46/60 MP: 6/6
  3965 | D:5      | Reached skill level 5 in Shields
  4127 | D:5      | Found an iron altar of Okawaru.
  4160 | D:5      | Found Quurel's Magic Scroll Shoppe.
  4204 | D:5      | Found Bugic's General Store.
  4232 | D:5      | Reached skill level 5 in Armour
  4376 | D:5      | Noticed Menkaure
  4384 | D:5      | Killed Menkaure
  4725 | D:5      | Found a hazy altar of Hepliaklqana.
  4725 | D:5      | Found a shadowy altar of Dithmenos.
  4727 | D:5      | Noticed a shadow
  4833 | D:5      | Found a shimmering blue altar of Sif Muna.
  4834 | D:5      | Found a burning altar of Makhleb.
  4970 | D:5      | Bought a +1 great sword of venom for 207 gold pieces
  5182 | D:6      | Reached skill level 1 in Long Blades
  5195 | D:6      | Reached skill level 5 in Fighting
  5195 | D:6      | Reached XP level 8. HP: 62/68 MP: 7/7
  5208 | D:6      | Reached skill level 2 in Long Blades
  5212 | D:6      | Noticed a hippogriff
  5222 | D:6      | Reached skill level 3 in Long Blades
  5224 | D:6      | Killed a hippogriff
  5224 | D:6      | Reached skill level 4 in Long Blades
  5419 | D:6      | Found a staircase to the Ecumenical Temple.
  5469 | D:6      | Reached skill level 5 in Long Blades
  5479 | D:6      | Noticed Duvessa
  5479 | D:6      | Noticed Dowan
  5492 | D:6      | Killed Dowan
  5526 | D:6      | Killed Duvessa
  5689 | D:6      | Reached skill level 6 in Long Blades
  5771 | D:6      | Found a snail-covered altar of Cheibriados.
  6072 | D:6      | Found a blossoming altar of Fedhas.
  6237 | D:7      | Noticed Harold
  6250 | D:7      | Killed Harold
  6250 | D:7      | Reached skill level 8 in Long Blades
  6250 | D:7      | Reached XP level 9. HP: 78/78 MP: 8/8
  6735 | D:7      | Reached skill level 9 in Long Blades
  7162 | D:8      | Found an ancient bone altar of Kikubaaqudgha.
  7245 | D:8      | Reached skill level 10 in Long Blades
  7309 | D:8      | Found a sparkling altar of Nemelex Xobeh.
  7309 | D:8      | Found a basalt altar of Yredelemnul.
  7514 | D:8      | Found a staircase to the Lair.
  7535 | D:8      | Reached XP level 10. HP: 60/86 MP: 9/9
  7560 | D:8      | Reached skill level 11 in Long Blades
  8043 | D:8      | Noticed Maggie
  8067 | D:8      | Killed Maggie
  8109 | D:8      | Noticed Erica
  8154 | D:9      | Reached skill level 12 in Long Blades
  8262 | D:9      | Found a staircase to the Orcish Mines.
  8268 | D:9      | Found a flagged portal.
  8300 | Bailey   | Entered a bailey
  8440 | Bailey   | Noticed a deep elf mage
  8451 | Bailey   | Killed a deep elf mage
  8761 | Bailey   | Noticed a deep elf mage
  8762 | Bailey   | Noticed a deep elf mage
  8762 | Bailey   | Noticed a deep elf mage
  8762 | Bailey   | Noticed a deep elf mage
  8762 | Bailey   | Noticed a deep elf mage
  8762 | Bailey   | Noticed a deep elf mage
  8775 | Bailey   | Noticed an orange demon
  8784 | Bailey   | Noticed a sun demon
  8787 | Bailey   | Mangled by a jumping spider

Levels and vault maps discovered:
D:1:      dpeg_arrival_subterranean_lakeside_camping, layout_basic
D:2:      layout_basic, hex_intersection, hangedman_decor_lopped
D:3:      layout_basic, portal_sewer_entry_e
D:4:      layout_loops_cross, first_ration, minmay_misc_feat_rugged
D:5:      layout_basic, riverfiend_overflow_shadow_ancestor,
          gammafunk_temple_overflow_statue, kennysheep_okawaru_gauntlet,
          serial_shops, kennysheep_mini, shop, serial_glass, glass_columns_b,
          glass_columns_b, uniq_menkaure
D:6:      layout_loops_ring, fedhas_altar_decomposition, slow_altar_1,
          minmay_temple_entry_statues_pillars, minmay_manual_moon, uniq_duvessa
D:7:      layout_basic, uniq_harold
D:8:      layout_loops_corners, kiku_gazebo_pond_becter,
          gammafunk_temple_overflow_elements, minmay_lair_entry_grove,
          uniq_erica, uniq_joseph, uniq_maggie
D:9:      layout_long_grid, orc_0_dummy, serial_shops, kennysheep_mini_moat,
          enter_bailey_2, david_nohive_1
Bailey:   bailey_polearm_3, bailey

Skill      XL: |  1  2  3  4  5  6  7  8  9 10 |
---------------+-------------------------------+-----
Armour         | 4 5 6 7 8 |  8.5
Axes           | 3 4 6 7 8 |  8.4
Shields        | 4 5 |  5.4
Fighting       | 4 5 6 7 |  7.7
Dodging        | 1 2 3 |  3.9
Long Blades    | 1 8 10 12 | 12.4

Action                   |  1- 3 |  4- 6 |  7- 9 | 10-12 || total
-------------------------+-------+-------+-------+-------++-------
Melee: War axe           |    75 |   243 |    51 |       ||   369
       Headbutt          |     5 |    45 |   107 |    59 ||   216
       Great sword       |       |       |    35 |       ||    35
       Falchion          |       |       |   362 |   226 ||   588
  Use: Scroll            |       |     1 |    11 |     1 ||    13
       Potion            |       |       |     1 |       ||     1
  Eat: Chunk             |     1 |    10 |    12 |       ||    23
       Ration            |       |       |       |     1 ||     1
Armor: Scale mail        |    42 |    89 |    93 |       ||   224
       Plate armour      |       |       |   100 |    89 ||   189
Dodge: Dodged            |    26 |    50 |    98 |    38 ||   212
Block: Kite shield       |    51 |    90 |   189 |    81 ||   411
       Rpst.: Great sword |       |       |     5 |       ||     5
       Falchion          |       |       |    20 |    13 ||    33

Table legend:
 A = Non-vault XP
 B = Vault XP
 C = Vault XP percentage of total XP
 D = Non-vault monster count
 E = Vault monster count
 F = Vault count percentage of total count
                 A         B        C        D         E       F
            +---------+---------+-------+---------+---------+-------
      Total |    4253 |    4644 |  52.2 |     166 |      59 |  26.2
            +---------+---------+-------+---------+---------+-------
        D:1 |      15 |       8 |  34.8 |       7 |       6 |  46.2
        D:2 |      76 |       0 |   0.0 |      24 |       0 |   0.0
        D:3 |     180 |      10 |   5.3 |      25 |       8 |  24.2
        D:4 |     131 |       0 |   0.0 |       4 |       0 |   0.0
        D:5 |     670 |     172 |  20.4 |      20 |       1 |   4.8
        D:6 |     526 |     693 |  56.8 |      13 |       8 |  38.1
        D:7 |     727 |     992 |  57.7 |      31 |       1 |   3.1
        D:8 |    1189 |    2216 |  65.1 |      24 |      13 |  35.1
        D:9 |     739 |       0 |   0.0 |      18 |       0 |   0.0
      Sewer |       0 |      46 | 100.0 |       0 |      21 | 100.0
     Bailey |       0 |     507 | 100.0 |       0 |       1 | 100.0
            +---------+---------+-------+---------+---------+-------
